 Dungeon Crawl Stone Soup version 0.27-a0-1140-g099f9bb0e8 (webtiles) character file.

Game seed: 15080433883518277226

58 night the Stinger (level 4, -3/27 HPs)
             Began as an Octopode Venom Mage on May 8, 2021.
             Killed from afar by an orc wizard (11 damage)
             ... with a puff of flame
             ... on level 2 of the Dungeon on May 9, 2021.
             The game lasted 00:05:59 (1877 turns).

night the Stinger (Octopode Venom Mage)             Turns: 1877, Time: 00:06:00

Health: -3/27      AC:  5    Str:  7    XL:     4   Next: 1%
Magic:  2/7        EV: 13    Int: 18    God:
Gold:   22         SH:  0    Dex: 12    Spells: 1/8 levels left

rFire    . . .     SeeInvis .   e - +1 dagger
rCold    . . .     Faith    .   (no shield)
rNeg     . . .     Spirit   .   (helmet restricted)
rPois    .         Reflect  .   (no amulet)
rElec    .         Harm     .   f - +4 ring of protection
rCorr    .         Rampage  .   (no ring)
Will     .....                  (no ring)
Stlth    ++........             (no ring)
HPRegen  0.09/turn              (no ring)
MPRegen  0.10/turn              (no ring)
                                (no ring)
                                (no ring)

@: confused, very slightly contaminated
A: almost no armour, amphibious, 8 rings, camouflage 1, gelatinous body 1,
(nimble swimmer 1), tentacles
a: no special abilities


You were on level 2 of the Dungeon.
You visited 1 branch of the dungeon, and saw 2 of its levels.

You collected 22 gold pieces.

Inventory:

Hand Weapons
 c - a +0 short sword
 d - a +0 hunting sling
 e - a +1 dagger (weapon)
Missiles
 b - 64 stones (quivered)
 g - 33 arrows
 j - 9 poisoned darts
Jewellery
 f - a +4 ring of protection (left tentacle)
Scrolls
 k - a scroll of holy word
Potions
 a - a potion of magic {unknown}
 h - a potion of resistance {unknown}
 i - a potion of attraction {unknown}


   Skills:
 + Level 2.6 Dodging
 - Level 2.6 Stealth
 + Level 2.6 Spellcasting
 - Level 1.0 Transmutations
 + Level 4.7 Poison Magic


You had one spell level left.
You knew the following spells:

 Your Spells              Type           Power      Damage    Failure   Level
a - Sting                 Tmut/Pois      48%        1d5       5%          1
c - Ignite Poison         Fire/Tmut/Pois 9%         N/A       24%         3
e - Mephitic Cloud        Conj/Pois/Air  8%         N/A       26%         3

Your spell library contained the following spells:

 Spells                   Type           Power      Damage    Failure   Level
 Apportation              Tloc           4%         N/A       17%         1
 Poisonous Vapours        Pois/Air       20%        N/A       10%         2
 Olgreb's Toxic Radiance  Pois           19%        N/A       24%         4
 Lesser Beckoning         Tloc           1%         N/A       45%         3
 Tukima's Dance           Hex            2%         N/A       45%         3
 Alistair's Intoxication  Tmut/Pois      8%         N/A       82%         5
 Invisibility             Hex            2%         N/A       100%        6


Dungeon Overview and Level Annotations

Branches:
Dungeon (2/15)

Altars:


Innate Abilities, Weirdness & Mutations

You cannot wear most types of armour.
You are amphibious.
You can wear up to eight rings at the same time.
Your skin changes colour to match your surroundings (Stealth+).
Your rubbery body absorbs attacks. (AC +1, EV +1)
((You are camouflaged near water. (Stealth+)))
You have tentacles for arms and can constrict up to eight enemies at once.


Message History

A magic dart appears from out of thin air!
The magic dart hits you!
You hit something but do no damage. Something hits you.
You miss something. Your squeeze misses something. Something hits you.
You barely miss something. Something hits you.
You miss something.
You hear some strange, mumbled words.
A puff of flame appears from out of thin air!
The puff of flame misses you.
You barely miss something. Your squeeze misses something.
Something barely misses you.
You hit something but do no damage. Something hits you.
Casting: Sting (safe; 5% risk of failure)
Confirm with . or Enter, or press ? or * to list all spells.
Aiming: Sting (safe; 5% risk of failure)
Press: ? - help, Shift-Dir - straight line The sting hits something.
Something hits you but does no damage.
Casting: Sting (safe; 5% risk of failure)
Confirm with . or Enter, or press ? or * to list all spells.
Aiming: Sting (safe; 5% risk of failure)
Press: ? - help, Shift-Dir - straight line The sting hits something.
Something barely misses you.
Casting: Sting (safe; 5% risk of failure)
Confirm with . or Enter, or press ? or * to list all spells.
The spell is extremely dangerous to cast (24% risk of failure)!
Continue anyway?
You miscast Ignite Poison.
You are very lightly contaminated with residual magic.
Nothing appears to happen.
You hear some strange, mumbled words.
You are confused.
You're too confused to move!
You hear some strange, mumbled words.
A puff of flame appears from out of thin air!
The puff of flame hits you.
* * * LOW HITPOINT WARNING * * *
You bump into the rock wall.
You hear some strange, mumbled words.
A puff of flame appears from out of thin air!
The puff of flame hits you!
You die...

#........#
###........##
........)...#
#+#........#
..#........###
#.#...<....#.#
#.#.)......#.#
#.###{#........#.#
#....@).#......#.#
#+#####.#......#.#
..#......#.#####
####......#....†.
####.#.#######
.#..


There were no monsters in sight!

Vanquished Creatures
  A dart slug (D:1)
  4 orcs (D:2)
  4 bats
  3 endoplasms (D:1)
  A giant cockroach (D:1)
  3 hobgoblins
  11 jackals (D:1)
  2 quokkas (D:1)
  2 ball pythons
  4 frilled lizards (D:1)
  3 goblins
  6 kobolds
  A rat (D:1)
45 creatures vanquished.

Notes
Turn   | Place    | Note
-------+----------+-------------------------------------------
     0 | D:1      | night the Octopode Venom Mage began the quest for the Orb.
     0 | D:1      | Reached XP level 1. HP: 11/11 MP: 3/3
   258 | D:1      | Reached skill level 4 in Poison Magic
   258 | D:1      | Reached XP level 2. HP: 11/17 MP: 1/5
   677 | D:1      | Reached XP level 3. HP: 9/21 MP: 1/6
   915 | D:1      | Learned a level 3 spell: Ignite Poison
  1722 | D:2      | Learned a level 3 spell: Mephitic Cloud
  1864 | D:2      | Reached XP level 4. HP: 27/27 MP: 7/7
  1877 | D:2      | Killed from afar by an orc wizard

Illustrated notes

Levels and vault maps discovered:
D:1:      dpeg_arrival_solitude, layout_loops_ring
D:2:      layout_basic, basic_ecumenical_altar, minmay_misc_feat_encased

Skill      XL: |  1 |
---------------+----+-----
Poison Magic   | 4 |  4.7
Dodging        | |  2.6
Stealth        | |  2.6
Spellcasting   | |  2.6
Transmutations | |  1.0

Action                   |  1- 3 |  4- 6 || total
-------------------------+-------+-------++-------
Melee: Short sword       |     4 |       ||     4
       Dagger            |    77 |     8 ||    85
       Constrict         |    12 |       ||    12
       Tentacles         |    11 |       ||    11
Throw: Stone             |     2 |       ||     2
 Cast: Sting             |    28 |     2 ||    30
  Use: Scroll            |     5 |       ||     5
 Stab: Sleeping          |     9 |       ||     9
Armor: Skin              |     9 |     1 ||    10
Dodge: Dodged            |    66 |     3 ||    69

Table legend: (Time is in decaauts)
 A = Elapsed time spent in this place.
 B = Non-inter-level travel time spent in this place.
 C = Inter-level travel time spent in this place.
 D = Time resting spent in this place.
 E = Time spent auto-exploring this place.
 F = Levels seen in this place.
 G = Mean time per level.
                   A        B        C        D        E       F      G
               +--------+--------+--------+--------+--------+-----+--------+
         Total |   1877 |   1740 |    137 |    430 |    942 |   2 |  938.5 |
       Dungeon |   1877 |   1740 |    137 |    430 |    942 |   2 |  938.5 |
               +--------+--------+--------+--------+--------+-----+--------+

Top non-repeatable levels by time:
     D:1: 1719 daAuts
     D:2: 158 daAuts
